 Dungeon Crawl Stone Soup version 0.27-a0-978-g2aa4ecdaef (webtiles) character file.

Game seed: 17113768126342286513

16822 siradein the Thaumaturge (level 12, -5/86 HPs)
             Began as a Djinni Venom Mage on Apr 14, 2021.
             Was an Initiate of Makhleb.
             Killed from afar by an ice statue (20 damage)
             ... with a bolt of cold
             ... in an ice cave.
             The game lasted 01:15:36 (16912 turns).

siradein the Thaumaturge (Djinni Venom Mage)       Turns: 16912, Time: 01:15:37

Health: -5/86      AC: 16    Str:  7    XL:     12   Next: 41%
Gold:   684        EV: 17    Int: 23    God:    Makhleb [......] SH: 12 Dex: 13

rFire    + + .     SeeInvis .   N - +2 double sword (holy)
rCold    . . .     Faith    .   I - +2 kite shield {AC+3}
rNeg     . . .     Spirit   .   m - +4 troll leather armour
rPois    ∞         Reflect  .   q - +0 helmet
rElec    .         Harm     .   t - +0 cloak
rCorr    .         Rampage  .   a - +0 pair of gloves
Will     +....                  (boots unavailable)
Stlth    ++........             (no amulet)
HPRegen  1.24/turn              r - ring of protection from cold
MPRegen  0.00/turn              y - +4 ring of evasion

@: flying, very slightly contaminated, invisible
A: fire resistance 2, cold vulnerability 1, float, innate caster, hp casting,
extra vitality 1
a: Renounce Religion


You were in an ice cave.
You worshipped Makhleb.
Makhleb was noncommittal.
You visited 3 branches of the dungeon, and saw 13 of its levels.
You also visited: Ice Cave.

You collected 684 gold pieces.

Inventory:

Hand Weapons
 N - a +2 double sword of holy wrath (weapon)
Missiles
 o - 15 javelins
 E - 2 throwing nets
 M - 5 atropa-tipped darts
Armour
 a - a +0 pair of gloves (worn)
 m - a +4 troll leather armour (worn)
 q - a +0 helmet (worn)
 t - a +0 cloak (worn)
 I - a +2 kite shield of protection (worn)
Jewellery
 r - a ring of protection from cold (left hand)
 y - a +4 ring of evasion (right hand)
Wands
 i - a wand of flame (17)
 k - a wand of polymorph (12)
 v - a wand of iceblast (8)
 w - a wand of digging (2)
 x - a wand of paralysis (8)
Scrolls
 b - a scroll of enchant weapon
 c - 2 scrolls of immolation
 d - 4 scrolls of holy word
 f - a scroll of brand weapon {unknown}
 g - 5 scrolls of teleportation
 h - 3 scrolls of magic mapping
 l - a scroll of torment {unknown}
 A - 2 scrolls of fog {unknown}
 C - 4 scrolls of amnesia {unknown}
 D - a scroll of fear {unknown}
 H - a scroll of acquirement {unknown}
 J - 2 scrolls of noise {unknown}
 K - a scroll of blinking {unknown}
Potions
 e - 5 potions of curing
 j - 5 potions of heal wounds
 n - a potion of lignification
 s - 4 potions of brilliance
 u - a potion of cancellation
 z - a potion of ambrosia
 B - 3 potions of mutation {unknown}
 F - 2 potions of haste {unknown}
 G - a potion of attraction {unknown}
Miscellaneous
 L - a box of beasts


   Skills:
 + Level 8.0 Fighting
 + Level 8.0 Armour
 + Level 9.2 Dodging
 - Level 1.5 Stealth
 + Level 8.1 Shields
 + Level 10.4 Spellcasting


You had 5 spell levels left.
You knew the following spells:

 Your Spells              Type           Power      Damage    Failure   Level
a - Sting                 Tmut/Pois      100%       1d8       1%          1
b - Poisonous Vapours     Pois/Air       100%       N/A       1%          2
c - Mephitic Cloud        Conj/Pois/Air  56%        N/A       1%          3
d - Ignite Poison         Fire/Tmut/Pois 56%        N/A       1%          3
e - Olgreb's Toxic Radia  Pois           56%        N/A       2%          4
f - Foxfire               Conj/Fire      100%       2x1d9     1%          1
g - Ensorcelled Hibernat  Hex/Ice        100%       N/A       1%          2
h - Slow                  Hex            56%        N/A       1%          2
i - Sticky Flame          Conj/Fire      56%        2d7       2%          4
j - Animate Armour        Summ/Erth      100%       N/A       2%          4
Your spell library was empty.

Dungeon Overview and Level Annotations

Branches:
Dungeon (11/15)            Temple (1/1) D:6            Lair (1/6) D:8
    Orc (0/2) D:9           IceCv (1/1)

Altars:
Ashenzari
Cheibriados
Dithmenos
Elyvilon
Fedhas
Gozag
Hepliaklqana
Kikubaaqudgha
Makhleb
Nemelex Xobeh
Okawaru
Qazlal
Ru
Sif Muna
Trog
Uskayaw
Vehumet
Wu Jian
Xom
Yredelemnul
Zin
The Shining One
Beogh

Shops:
D:2 !   D:9 [[:!

Annotations:
IceCv exclusion: 3 ice statues


Innate Abilities, Weirdness & Mutations

You are immune to poison.
Your flesh is very heat resistant. (rF++)
You are vulnerable to cold. (rC-)
You float through the air rather than walking.
You learn spells naturally, not from books.
Your magical power is your life essence.
You have superior vitality. (+4 HP)


Message History

The foxfire hits the ice beast.
The ice beast is almost dead.
The foxfire hits the ice beast!
The ice beast melts!
You kill the ice beast!
You start resting.
HP restored.
Okay, then.
Really fly into a travel-excluded area?
Press: ? - help, v - describe, . - travel
Here: an ice statue The floor.
You fade into invisibility!
You are very lightly contaminated with residual magic.
The ice statue gestures at you. The bolt of cold misses you.
You hit the ice statue but do no damage.
The ice statue glitters chillingly in the dim dungeon light.
You hit the ice statue but do no damage.
The ice statue gestures at you. The bolt of cold hits you!!
The ice statue gestures at you.
You catch the helpless ice statue completely off-guard!
You slash the ice statue!
The ice statue is lightly damaged.
The ice statue glitters chillingly in the dim dungeon light.
The ice statue gestures at something.
You catch the helpless ice statue completely off-guard!
You hit the ice statue.
The ice statue is lightly damaged.
The ice statue gestures at you. The freezing blast engulfs you!
The ice statue gestures at you.
You hit the ice statue.
The ice statue is lightly damaged.
The ice statue gestures at you. The freezing blast engulfs you!!
* * * LOW HITPOINT WARNING * * *
The ice statue gestures at something. x2; The ice statue gestures at you.
The bolt of cold hits you!!
You die...

###8###
##.....##
##.......##
#.........#
#.........#
#.§○§☼☼...#
#○○☼§§....#
#8@☼○☼§..8#
#####§#####
#(......((#
#.........#
#[........#
#.........#
#.........#
##.......##
##.....##


You could see 3 ice statues.

Vanquished Creatures
  A hydra (D:11)
  3 two-headed ogres
  Urug (D:11)
  2 ugly things
  A cyclops (D:11)
  A cane toad (Lair:1)
  A komodo dragon (Lair:1)
  2 ice devils (Lair:1)
  7 trolls
  A hornet (D:10)
  2 wyverns
  Sigmund (D:2)
  A human (D:10)
  9 yaks
  3 hogs (D:10)
  2 steam dragons
  4 water moccasins
  9 ice beasts
  A black bear (D:6)
  10 orc warriors
  A sky beast (D:5)
  2 necrophages
  5 wolves
  An ogre (D:6)
  2 centaurs
  A phantom (D:6)
  A kobold brigand (D:9)
  A gnoll sergeant (D:9)
  2 wyvern zombies
  A bullfrog (D:6)
  2 scorpions
  A wyvern skeleton (D:7)
  A killer bee (D:9)
  A wight (D:5)
  7 electric eels
  A howler monkey (D:11)
  A jelly (D:5)
  6 centaur zombies
  A bullfrog zombie (D:5)
  6 hounds
  A centaur skeleton (D:6)
  6 orc priests
  Crazy Yiuf (D:4)
  2 bullfrog skeletons (D:5)
  A gnoll shaman (D:10)
  5 iguanas
  12 orc wizards
  A hound zombie (D:5)
  A howler monkey zombie (D:6)
  11 gnolls
  5 adders
  A howler monkey skeleton (D:5)
  2 white imps (D:9)
  4 ufetubi
  2 worms (D:2)
  A dart slug (D:2)
  54 orcs
  8 ball pythons
  5 bats
  9 endoplasms
  4 giant cockroaches
  3 goblins
  6 hobgoblins
  8 jackals
  11 kobolds
  3 quokkas
  3 frilled lizards
  10 rats
286 creatures vanquished.

Vanquished Creatures (collateral kills)
  The ghost of Atlas the Martial Artist, a journeyman DgTm (D:11)
  A centaur zombie (D:11)
  A shadow (D:11)
  A wraith (D:11)
  An acid dragon (D:10)
  An ice beast (IceCv)
  2 killer bees (D:9)
  An iron imp (D:10)
  3 gnolls (D:9)
12 creatures vanquished.

Vanquished Creatures (others)
  246 foxfires
  2 fungi (Lair:1)
  4 plants (Lair:1)
252 creatures vanquished.

Grand Total: 550 creatures vanquished

Notes
Turn   | Place    | Note
-------+----------+-------------------------------------------
     0 | D:1      | siradein the Djinni Venom Mage began the quest for the Orb.
     0 | D:1      | Reached XP level 1. HP: 15/15 MP: 0/0
   228 | D:1      | Reached skill level 3 in Spellcasting
   480 | D:1      | Reached XP level 2. HP: 15/21 MP: 0/0
  1125 | D:1      | Found a faded altar of an unknown god.
  1750 | D:1      | Reached XP level 3. HP: 22/25 MP: 0/0
  1750 | D:1      | Learned a level 1 spell: Foxfire
  2520 | D:2      | Reached skill level 4 in Spellcasting
  2654 | D:2      | Reached XP level 4. HP: 29/31 MP: 0/0
  3145 | D:2      | Noticed Sigmund
  3193 | D:2      | Found Saxoupol's Distillery.
  3202 | D:2      | Killed Sigmund
  3203 | D:2      | Reached skill level 5 in Spellcasting
  3203 | D:2      | Reached XP level 5. HP: 24/35 MP: 0/0
  3203 | D:2      | Learned a level 2 spell: Ensorcelled Hibernation
  3309 | D:2      | Found a hazy altar of Hepliaklqana.
  3346 | D:2      | Reached XP level 6. HP: 36/40 MP: 0/0
  5409 | D:4      | Found a runed translucent door.
  5410 | D:4      | Noticed Crazy Yiuf
  5595 | D:4      | Killed Crazy Yiuf
  5596 | D:4      | Reached skill level 6 in Spellcasting
  5691 | D:5      | Entered Level 5 of the Dungeon
  6005 | D:5      | Noticed a sky beast
  6008 | D:5      | Killed a sky beast
  6009 | D:5      | Reached XP level 7. HP: 34/45 MP: 0/0
  6009 | D:5      | Learned a level 2 spell: Slow
  6183 | D:5      | Reached skill level 7 in Spellcasting
  6194 | D:5      | HP: 1/45 [acid (12)]
  6977 | D:5      | Identified the +2 robe "Salaucu" {rF- Str-2 Dex+6 SInv
                  | Stlth+}
  7023 | D:5      | Reached XP level 8. HP: 46/50 MP: 0/0
  7104 | D:5      | Reached skill level 8 in Spellcasting
  7799 | D:6      | Reached skill level 1 in Armour
  7799 | D:6      | Reached skill level 1 in Shields
  7803 | D:6      | Reached skill level 1 in Fighting
  8018 | D:6      | Found a staircase to the Ecumenical Temple.
  8039 | Temple   | Entered the Ecumenical Temple
  9178 | D:6      | Reached XP level 9. HP: 49/59 MP: 0/0
  9178 | D:6      | Learned a level 4 spell: Sticky Flame
 11192 | D:8      | Reached skill level 5 in Dodging
 11515 | D:8      | Noticed a troll
 11518 | D:8      | Killed a troll
 11946 | D:8      | Reached XP level 10. HP: 62/69 MP: 0/0
 12083 | D:8      | Reached skill level 9 in Spellcasting
 12498 | D:8      | Found a staircase to the Lair.
 12697 | D:8      | Found a shimmering altar of Xom.
 13009 | D:8      | Reached skill level 5 in Fighting
 13009 | D:8      | Reached skill level 5 in Armour
 13009 | D:8      | Reached skill level 5 in Shields
 13461 | D:9      | Found Qothecru's Distillery.
 13462 | D:9      | Found Waedenef's Book Shoppe.
 13462 | D:9      | Found Unnisef's Armour Shoppe.
 13465 | D:9      | Found Toase's Antique Armour Shoppe.
 13786 | D:9      | Reached XP level 11. HP: 69/76 MP: 0/0
 13786 | D:9      | Learned a level 4 spell: Animate Armour
 14255 | D:9      | Found a staircase to the Orcish Mines.
 14346 | D:10     | Entered Level 10 of the Dungeon
 14444 | D:10     | Noticed a two-headed ogre
 14456 | D:10     | Killed a two-headed ogre
 14662 | D:10     | Found a burning altar of Makhleb.
 14669 | D:10     | Became a worshipper of Makhleb the Destroyer
 14818 | D:10     | Found a snail-covered altar of Cheibriados.
 15011 | D:11     | Noticed a two-headed ogre
 15016 | D:11     | Killed a two-headed ogre
 15044 | D:11     | Noticed a cyclops
 15060 | D:11     | Noticed a six-headed hydra
 15061 | D:11     | Killed a cyclops
 15073 | D:11     | Reached skill level 10 in Spellcasting
 15084 | D:11     | Killed a six-headed hydra
 15468 | D:11     | Found a runed translucent gate.
 15469 | D:11     | Found a runed translucent gate.
 15469 | D:11     | Found a runed translucent gate.
 15469 | D:11     | Noticed Atlas's ghost (journeyman DgTm)
 16009 | D:11     | Noticed a two-headed ogre
 16013 | D:11     | Killed a two-headed ogre
 16014 | D:11     | Reached XP level 12. HP: 80/85 MP: 0/0
 16103 | D:11     | Noticed Urug
 16108 | D:11     | Killed Urug
 16235 | D:11     | Killed Atlas's ghost
 16347 | Lair:1   | Entered Level 1 of the Lair of Beasts
 16387 | Lair:1   | Found a frozen archway.
 16423 | IceCv    | Entered an ice cave
 16912 | IceCv    | Killed from afar by an ice statue

Illustrated notes

Levels and vault maps discovered:
D:1:      dpeg_arrival_pits, layout_loops_cross,
          hellmonk_ecumenical_altar_zigzags, corexii_leaking_fountain,
          minmay_tetromino_t2
D:2:      layout_rooms, serial_shops, shop, basic_altar,
          ebering_dispersal_statue_hall, uniq_sigmund
D:3:      layout_basic, kennysheep_generic_room_14
D:4:      layout_basic, kennysheep_little_box, uniq_crazy_yiuf_cottage
D:5:      layout_basic, minmay_joined_circles
D:6:      layout_basic, minmay_temple_entry_stoned_glass
D:7:      layout_layer_cave
D:8:      layout_basic, lemuel_crystal_altar, erik_lair_island, special_room
          [special_room_orc], minmay_parallelograms
D:9:      layout_loops_corners, erik_orc_2, serial_ice, serial_ice_e,
          serial_ice_b, serial_ice_o, serial_ice_h, minmay_shop_grid_forest
D:10:     layout_cave_pools, chei_slow_surprise, nicolae_overflow_crystal_walls,
          minmay_misc_feat_cross, grunt_livestock
D:11:     layout_gridville, ebering_ghost_rock_garden, uniq_urug
Temple:   dpeg_five_rooms_temple
Lair:1:   layout_gridlike, portal_ice_cave_demonic_guard, grunt_megastairs_4,
          minmay_lair_oklob_chamber
IceCv:    ice_cave_statue_garden_chambered

Skill      XL: |  1  2  3  4  5  6  7  8  9 10 11 12 |
---------------+-------------------------------------+-----
Spellcasting   | 3 4 5 6 7 8 9 10 | 10.4
Armour         | 2 4 6 7 8 |  8.0
Shields        | 2 4 6 7 8 |  8.1
Fighting       | 2 4 6 7 8 |  8.0
Dodging        | 3 5 7 8 9 |  9.2
Stealth        | |  1.5

Action                   |  1- 3 |  4- 6 |  7- 9 | 10-12 || total
-------------------------+-------+-------+-------+-------++-------
Melee: Hand axe          |       |       |       |     5 ||     5
       Double sword      |       |       |       |    16 ||    16
 Cast: Sting             |    21 |     5 |     9 |     1 ||    36
       Poisonous Vapours |    42 |    54 |    12 |       ||   108
       Ignite Poison     |       |    11 |    30 |    55 ||    96
       Mephitic Cloud    |       |     8 |    25 |    31 ||    64
       Foxfire           |       |     6 |    47 |    92 ||   145
       Olgreb's Toxic Ra |       |       |    39 |    92 ||   131
       Sticky Flame      |       |       |     4 |    16 ||    20
       Slow              |       |       |     4 |     3 ||     7
       Animate Armour    |       |       |       |    25 ||    25
       Ensorcelled Hiber |       |       |       |     1 ||     1
Evoke: Wand              |       |       |     1 |     5 ||     6
  Use: Scroll            |       |       |     7 |    10 ||    17
       Potion            |       |       |       |     1 ||     1
 Stab: Invisible         |       |       |       |     2 ||     2
       Distracted        |       |       |       |     1 ||     1
Armor: Robe              |     4 |     2 |     8 |       ||    14
       Leather armour    |       |       |     8 |       ||     8
       Troll leather arm |       |       |       |    46 ||    46
Dodge: Dodged            |     9 |     2 |    25 |    70 ||   106
Block: Buckler           |       |     1 |     5 |       ||     6
       Kite shield       |       |       |       |    62 ||    62
       Rpst.: Double sword |       |       |       |    10 ||    10

Table legend: (Time is in decaauts)
 A = Elapsed time spent in this place.
 B = Non-inter-level travel time spent in this place.
 C = Inter-level travel time spent in this place.
 D = Time resting spent in this place.
 E = Time spent auto-exploring this place.
 F = Levels seen in this place.
 G = Mean time per level.
                   A        B        C        D        E       F      G
               +--------+--------+--------+--------+--------+-----+--------+
         Total |  16918 |  16009 |    909 |   1411 |  12562 |  14 | 1208.4 |
       Dungeon |  16050 |  15173 |    877 |   1095 |  12262 |  11 | 1459.1 |
        Temple |    300 |    269 |     31 |      0 |    269 |   1 |  300.0 |
          Lair |     75 |     75 |      0 |     27 |      0 |   1 |   75.0 |
      Ice Cave |    491 |    491 |      0 |    289 |     31 |   1 |  491.0 |
               +--------+--------+--------+--------+--------+-----+--------+

Top non-repeatable levels by time:
     D:1: 2375 daAuts
     D:8: 2145 daAuts
     D:7: 1763 daAuts
     D:5: 1730 daAuts
     D:4: 1553 daAuts
     D:6: 1529 daAuts
     D:9: 1208 daAuts
     D:2: 1190 daAuts
     D:3: 955 daAuts
    D:11: 884 daAuts
    D:10: 714 daAuts
   IceCv: 491 daAuts
  Temple: 300 daAuts
  Lair:1: 75 daAuts
